 Dungeon Crawl Stone Soup version bcrawl-1.19.1 (webtiles) character file.

Game seed: 1495365913522411798

40 Anathary the Slasher (level 3, 0/22 HPs)
             Began as an Avariel Reaver on Dec 10, 2019.
             Was a Follower of Vehumet.
             Slain by a gnoll (7 damage)
             ... on level 2 of the Dungeon.
             The game lasted 00:05:30 (1624 turns).

Anathary the Slasher (Avariel Reaver)               Turns: 1624, Time: 00:05:30

Health: 0/22       AC:  5    Str: 10    XL:     3   Next: 50%
Magic:  9/9        EV: 13    Int: 19    God:    Vehumet [*.....]
Gold:   151        SH:  1    Dex: 11    Spells: 7/7 levels left

rFire    . . .     SeeInvis .   a - +0 long sword
rCold    . . .     Gourm    .   (no shield)
rNeg     . . .     Faith    .   b - +0 steam dragon scales
rPois    .         Spirit   .   (no helmet)
rElec    .         Reflect  .   (no cloak)
rCorr    .         Harm     .   (no gloves)
MR       .....                  (no boots)
Stlth    +.........             (no amulet)
HPRegen  0.07/turn              (no ring)
MPRegen  0.11/turn              (no ring)

@: no status effects
A: no striking features
a: Renounce Religion


You were on level 2 of the Dungeon.
You worshipped Vehumet.
Vehumet was aware of your devotion.
You were not hungry.

You visited 1 branch of the dungeon, and saw 2 of its levels.

You collected 151 gold pieces.

Inventory:

Hand Weapons
 a - a +0 long sword (weapon)
Armour
 b - +0 steam dragon scales (worn)
Scrolls
 d - a scroll of immolation
 g - a scroll of blinking {unknown}
 h - 3 scrolls of noise {unknown}
 i - 3 scrolls of teleportation {unknown}
 j - a scroll of identify {unknown}
Potions
 c - 2 potions of haste
 e - 2 potions of heal wounds {unknown}
Comestibles
 f - 2 rations {!d}


   Skills:
 - Level 2.6 Fighting
 + Level 4.2 Long Blades
 + Level 4.0 Dodging
 + Level 2.8 Spellcasting


You had 7 spell levels left.
You didn't know any spells.
Your spell library contained the following spells:

 Spells                   Type           Power        Failure   Level  Hunger
 Freeze                   Ice            #.....       4%          1    None
 Iskenderun's Battlesphe  Conj/Chrm      #.......     69%         5    ######.


Dungeon Overview and Level Annotations

Branches:
Dungeon (2/12)

Altars:
Okawaru


Message History

You completely miss the bat. The bat hits you but does no damage.
A hobgoblin comes into view. It is wielding a +0 club.
The ooze closely misses you.
You closely miss the frilled lizard. The bat barely misses you.
The frilled lizard completely misses you.
The ooze closely misses you.
You closely miss the frilled lizard. The bat closely misses you.
The frilled lizard barely misses you. The ooze hits you.
You barely miss the frilled lizard. The bat misses you.
The bat hits you but does no damage.
The frilled lizard bites you but does no damage.
The ooze barely misses you.
You completely miss the frilled lizard. The bat closely misses you.
The bat hits you but does no damage.
The frilled lizard bites you but does no damage.
The ooze hits you.
You barely miss the frilled lizard. The bat hits you but does no damage.
The gnoll closely misses you. The frilled lizard barely misses you.
The ooze hits you. The gnoll hits you!
You die...

.. .## .. .#..###...
.$#.......
#.....#...
#####........♣
...bg......♣.
.#######.Jg....♣.♣.
........Sl@g..♣.♣?_.
..>.....g#.....♣.♣.♣
...#######.#....♣.♣
. ..# #.........♣.♣
#....#.÷....#...♣.
#.......$......
#....).<###.#
.................#
...........#######


You could see 3 gnolls, an ooze, a hobgoblin, a bat, a ball python and a frilled
lizard.

Vanquished Creatures
  An ooze (D:2)
  2 dart slugs (D:2)
  A leopard gecko (D:1)
  3 ball pythons (D:1)
  2 giant cockroaches
  5 goblins (D:1)
  9 kobolds
  6 bats
  A frilled lizard (D:2)
  2 rats (D:1)
32 creatures vanquished.

Notes
Turn   | Place    | Note
-------+----------+-------------------------------------------
     0 | D:1      | Anathary the Avariel Reaver began the quest for the Orb.
     0 | D:1      | Reached XP level 1. HP: 13/13 MP: 6/6
   162 | D:1      | Reached XP level 2. HP: 18/18 MP: 7/7
  1179 | D:1      | Reached XP level 3. HP: 22/22 MP: 9/9
  1202 | D:1      | Reached * piety under Vehumet
  1202 | D:1      | Offered knowledge of Freeze by Vehumet.
  1381 | D:2      | Found an iron altar of Okawaru.
  1624 | D:2      | Slain by a gnoll

Skill      XL: |  1  2  3 |
---------------+----------+-----
Long Blades    | 4 |  4.2
Dodging        | 4 |  4.0
Fighting       | |  2.6
Spellcasting   | |  2.8

Action                   || total
-------------------------++-------
Melee: Long sword        ||   123
 Stab: Sleeping          ||     1
  Eat: Chunk             ||     2
Armor: Steam dragon scal ||    67
Dodge: Dodged            ||   145
Block: Other             ||     2
